 Dungeon Crawl Stone Soup version 0.31-a0-844-gdc52ec4e09 (webtiles) character file.

Game seed: 17968373107323961889

24593 Bravepunisher the Pandemonic (level 12, 0/63 (65) HPs)
             Began as a Spriggan Monk on Sept 30, 2023.
             Was a High Priest of Makhleb.
             Killed from afar by an orc sorcerer (37 damage)
             ... with a bolt of fire
             ... on level 2 of the Orcish Mines.
             The game lasted 00:54:59 (10124 turns).

Bravepunisher the Pandemonic (Spriggan Monk)       Turns: 10124, Time: 00:55:00

HP:   0/63 (65)     AC:  7    Str:  7    XL:     12   Next: 82%
MP:   24/24         EV: 32    Int: 11    God:    Makhleb [*****.]
Gold: 932           SH:  0    Dex: 23    Spells: 11/11 levels left

rFire   . . .        t - +3 dagger
rCold   + . .        (no shield)
rNeg    . . .        w - +2 robe
rPois   +            (helmet restricted)
rElec   +            K - +2 cloak "Aprinokk" {rElec rPois rC+}
rCorr   .            (gloves unavailable)
SInv    +            (boots unavailable)
Will    ++...        s - amulet of regeneration
Stlth   ++           D - ring of poison resistance
HPRegen 1.10/turn    d - ring of flight
MPRegen 0.19/turn

%: no passive effects
@: flying, lightly drained, very quick
A: very small, no large weapons, unfitting armour, see invisible, speed 3
a: Renounce Religion, Minor Destruction, Lesser Servant of Makhleb, Major
Destruction, Greater Servant of Makhleb


You were on level 2 of the Orcish Mines.
You worshipped Makhleb.
Makhleb was extremely pleased with you.
You visited 3 branches of the dungeon, and saw 13 of its levels.
You also visited: Ossuary.

You collected 1487 gold pieces.
You spent 555 gold pieces at shops.

Inventory:

Hand Weapons
 t - a +3 dagger (weapon)
Armour
 w - a +2 robe (worn)
 K - the +2 cloak "Aprinokk" (worn) {rElec rPois rC+}
   (You bought it in a shop on level 2 of the Orcish Mines)

   rC+:       It protects you from cold.
   rElec:     It insulates you from electricity.
   rPois:     It protects you from poison
Jewellery
 d - a ring of flight (right hand)
 f - an amulet of the acrobat
 s - an amulet of regeneration (around neck)
 D - a ring of poison resistance (left hand)
Wands
 u - a wand of polymorph (26)
Scrolls
 a - 2 scrolls of silence {unknown}
 b - 4 scrolls of torment {unknown}
 g - 13 scrolls of identify {unknown}
 h - 2 scrolls of immolation {unknown}
 m - 10 scrolls of teleportation {unknown}
 n - a scroll of summoning {unknown}
 o - 2 scrolls of enchant weapon {unknown}
 p - 6 scrolls of blinking
 q - a scroll of acquirement {unknown}
 r - 3 scrolls of vulnerability {unknown}
 v - 2 scrolls of amnesia {unknown}
 E - a scroll of fear {unknown}
 G - a scroll of enchant armour {unknown}
 J - 2 scrolls of fog {unknown}
Potions
 c - 3 potions of ambrosia
 e - a potion of might {unknown}
 i - 4 potions of haste {unknown}
 j - 2 potions of attraction {unknown}
 k - 12 potions of degeneration
 l - a potion of cancellation {unknown}
 x - a potion of resistance {unknown}
 z - 2 potions of brilliance {unknown}
 A - 2 potions of lignification {unknown}
 B - 4 potions of curing {unknown}
 C - a potion of invisibility {unknown}
 F - 3 potions of heal wounds
 H - a potion of magic {unknown}


   Skills:
 + Level 8.5 Fighting
 - Level 3.2 Short Blades
 + Level 15.2 Dodging
 * Level 15.8 Invocations


You had 11 spell levels left.
You didn't know any spells.
Your spell library contained the following spells:

 Spells                   Type           Power      Damage    Failure   Level
 Sandblast                Erth           0%         2d4       34%         1
 Passwall                 Tmut/Erth      0%         N/A       47%         2
 Stone Arrow              Conj/Erth      0%         3d7       71%         3
 Animate Armour           Summ/Erth      0%         N/A       98%         4
 Brom's Barrelling Bould  Conj/Erth      0%         2d3       98%         4
 Vhi's Electric Charge    Tloc/Air       0%         N/A       98%         4
 Arcjolt                  Conj/Air       0%         1d10      100%        5
 Plasma Beam              Fire/Air       0%         2x1d10    100%        6
 Lehudib's Crystal Spear  Conj/Erth      0%         10d2      100%        8


Dungeon Overview and Level Annotations

Branches:
Dungeon (10/15)            Temple (1/1) D:4             Orc (2/2) D:9
    Elf (0/3) Orc:2       Ossuary (visited)
   Lair: D:8-11

Altars:
Ashenzari
Cheibriados
Dithmenos
Elyvilon
Fedhas
Gozag
Hepliaklqana
Kikubaaqudgha
Makhleb
Nemelex Xobeh
Okawaru
Qazlal
Ru
Sif Muna
Trog
Uskayaw
Vehumet
Wu Jian
Xom
Yredelemnul
Zin
The Shining One

Shops:
Orc:2 **

Annotations:
D:4 Dowan, Duvessa
D:9 exclusion: large abomination
Temple 4 transporters


Innate Abilities, Weirdness & Mutations

You are very small and have problems with some larger weapons.
You are too small for most types of armour.
You have supernaturally acute eyesight. (SInv)
You cover ground extremely quickly. (Speed+++)


Message History

Makhleb accepts your kill.
You feel better.
The neqoxec disappears in a puff of smoke!
Your neqoxec barely misses the orc sorcerer.
The orc sorcerer misses you.
Aiming: Minor Destruction (0% risk of failure)
Press: ? - help, Shift-Dir - straight line, f - orc sorcerer
Aim: an orc sorcerer, wielding a +0 dagger and wearing a +2 robe of willpower (ally target)
The stone arrow hits the orc sorcerer!
The orc sorcerer is moderately wounded.
Your neqoxec misses the orc sorcerer.
The orc sorcerer hits you but does no damage.
Aiming: Minor Destruction (0% risk of failure)
Press: ? - help, Shift-Dir - straight line, f/p - orc sorcerer
Aim: an orc sorcerer, wielding a +0 dagger and wearing a +2 robe of willpower (lightly wounded, ally target)
The orc sorcerer resists with significant effort.
Your neqoxec hits the orc sorcerer but does no damage.
The orc sorcerer points at you and mumbles some strange words.
The bolt of negative energy hits you!
You feel drained.
Aiming: Minor Destruction (0% risk of failure)
Press: ? - help, Shift-Dir - straight line, f/p - orc sorcerer
Aim: an orc sorcerer, wielding a +0 dagger and wearing a +2 robe of willpower (lightly wounded, ally target)
The puff of flame misses the orc sorcerer.
Your neqoxec hits the orc sorcerer.
The orc sorcerer hits you with a +0 dagger.
Aiming: Minor Destruction (0% risk of failure)
Press: ? - help, Shift-Dir - straight line, f/p - orc sorcerer
Aim: an orc sorcerer, wielding a +0 dagger and wearing a +2 robe of willpower (moderately wounded, ally target)
The stone arrow misses the orc sorcerer.
Your neqoxec hits the orc sorcerer but does no damage.
The orc sorcerer completely misses you.
Aiming: Minor Destruction (0% risk of failure)
Press: ? - help, Shift-Dir - straight line, f/p - orc sorcerer
Aim: an orc sorcerer, wielding a +0 dagger and wearing a +2 robe of willpower (lightly wounded, ally target)
The orc sorcerer resists with some effort.
Your neqoxec hits the orc sorcerer. The orc sorcerer casts a spell at you.
The bolt of fire hits you!!!
Ouch! That really hurt!
You die...

##......###..###)).##
##...###..#
#.......##..###...##
##...###..
....##.....###...##
##...###.
....#.....###...##
##...###
.........###.#.##
##)#.##
........###...##
##)..#
.....#...###.#.##
##)#.##
.##.##....###...##
##o))##
####.......###.3@##
##)..##
##.......^.###o))##
#)).##
#...#...#..####...#
#)..## ##......#...#
##.........##
##.#..###.##
##.#...#.# ###### ###
##.....# #...## ##.##
###


You could see an orc sorcerer (ally target) and a friendly neqoxec (summoned).

Vanquished Creatures
  3 two-headed ogres
  A centaur warrior (D:10)
  An orc high priest (Orc:2)
  A wizard (D:9)
  3 orc sorcerers
  3 orc knights (Orc:2)
  An ugly thing (D:10)
  3 cyclopes (D:10)
  An unseen horror (D:7)
  A komodo dragon (D:10)
  A yaktaur (D:10)
  Jeremiah (D:7)
  2 trolls
  A hornet (D:10)
  Grinder (D:6)
  A polar bear (D:10)
  2 centaur simulacra (D:10)
  A ynoxinul (Orc:2)
  3 wyverns
  A golden eye (D:8)
  3 wargs
  Menkaure (D:6)
  A vampire mosquito (D:10)
  An acid dragon (D:10)
  A water moccasin (D:7)
  15 orc warriors
  A swamp drake (D:9)
  2 black bears
  A sky beast (D:7)
  3 ice beasts
  5 ogres
  2 wolves (D:10)
  A centaur (D:6)
  A phantom (D:3)
  A lemure (D:7)
  Blork the orc (D:6)
  A kobold brigand (D:6)
  3 bullfrogs
  16 scorpions
  6 wights
  17 killer bees
  An electric eel (D:10)
  2 howler monkeys
  A human zombie (Ossuary)
  2 centaur zombies (Ossuary)
  15 orc priests
  Crazy Yiuf (D:6)
  A gnoll bouda (D:10)
  A hound (D:5)
  2 jellies (D:5)
  5 iguanas
  16 orc wizards
  4 scorpion zombies (Ossuary)
  3 mummies (Ossuary)
  Robin (D:4)
  3 adders
  2 shadow imps (D:5)
  4 white imps
  An ufetubus (D:5)
  A worm (D:2)
  5 dart slugs
  61 orcs
  3 bats
  7 endoplasms
  4 giant cockroaches
  A gnoll zombie (D:7)
  15 goblins
  7 hobgoblins
  9 jackals
  16 kobolds
  3 quokkas
  6 ball pythons
  5 frilled lizards
  5 goblin zombies (Ossuary)
  2 hobgoblin zombies (Ossuary)
  A jackal zombie (D:7)
  6 rats
337 creatures vanquished.

Vanquished Creatures (collateral kills)
  3 orc high priests (Orc:2)
  A soul eater (Orc:2)
  A sun demon (Orc:2)
  Pikel (D:7)
  2 orc knights (Orc:2)
  An orc sorcerer (Orc:2)
  A ynoxinul (Orc:2)
  A neqoxec (Orc:2)
  A warg (Orc:2)
  13 orc warriors
  A sky beast (D:7)
  An ogre (Orc:2)
  2 lemures (D:7)
  2 wights (D:7)
  3 killer bees (D:7)
  11 orc priests
  A sleepcap (D:7)
  A white imp (D:7)
  15 orcs (Orc:2)
62 creatures vanquished.

Grand Total: 399 creatures vanquished

Notes
Turn   | Place    | Note
-------+----------+-------------------------------------------
     0 | D:1      | Bravepunisher the Spriggan Monk began the quest for the
                  | Orb.
     0 | D:1      | Reached XP level 1. HP: 11/11 MP: 2/2
   164 | D:4      | Noticed a scorpion
   240 | D:4      | Found a staircase to the Ecumenical Temple.
   246 | Temple   | Found a transporter.
   246 | Temple   | Found a transporter.
   246 | Temple   | Found a transporter.
   246 | Temple   | Found a transporter.
   246 | Temple   | Entered the Ecumenical Temple
   264 | Temple   | Became a worshipper of Makhleb the Destroyer
   264 | Temple   | Reached * piety under Makhleb
   264 | Temple   | Reached ** piety under Makhleb
   533 | D:1      | Reached XP level 2. HP: 15/16 MP: 3/3
   639 | D:1      | Reached skill level 1 in Invocations
  1178 | D:1      | Reached XP level 3. HP: 18/19 MP: 5/5
  1737 | D:3      | Reached skill level 5 in Dodging
  1749 | D:3      | Reached *** piety under Makhleb
  1821 | D:3      | Reached XP level 4. HP: 23/23 MP: 5/7
  2138 | D:3      | Noticed a phantom
  2161 | D:3      | Killed a phantom
  2162 | D:3      | Reached XP level 5. HP: 26/27 MP: 8/8
  2604 | D:4      | Noticed Robin
  2612 | D:4      | Killed Robin
  2780 | D:4      | Noticed Dowan
  2780 | D:4      | Noticed Duvessa
  2796 | D:5      | Entered Level 5 of the Dungeon
  2863 | D:5      | Reached XP level 6. HP: 32/32 MP: 10/10
  2901 | D:5      | Reached **** piety under Makhleb
  2970 | D:5      | Reached skill level 5 in Invocations
  3297 | D:4      | Reached XP level 7. HP: 35/35 MP: 12/12
  3322 | D:4      | Found a shimmering altar of Xom.
  3322 | D:4      | Found a faded altar of an unknown god.
  3329 | D:4      | Found a faded altar of an unknown god.
  3331 | D:4      | Found a shimmering blue altar of Sif Muna.
  3333 | D:4      | Found a bloodstained altar of Trog.
  4177 | D:6      | Noticed Menkaure
  4177 | D:6      | Noticed Grinder
  4458 | D:6      | Noticed Blork the orc
  4482 | D:6      | Reached XP level 8. HP: 18/39 MP: 14/14
  4484 | D:6      | Killed Blork the orc
  4632 | D:6      | Reached ***** piety under Makhleb
  4778 | D:6      | Killed Grinder
  4923 | D:6      | Killed Menkaure
  5149 | D:6      | Found a runed translucent door.
  5150 | D:6      | Noticed Crazy Yiuf
  5169 | D:6      | Killed Crazy Yiuf
  5224 | D:7      | Noticed Pikel
  5224 | D:7      | Noticed a troll
  5304 | D:7      | Noticed Jeremiah
  5330 | D:7      | Killed Jeremiah
  5331 | D:7      | Reached XP level 9. HP: 42/44 MP: 16/16
  5568 | D:7      | Reached skill level 10 in Dodging
  5644 | D:7      | Reached skill level 10 in Invocations
  5695 | D:7      | Killed Pikel
  5769 | D:7      | a troll changed into an unseen horror
  5769 | D:7      | Noticed an unseen horror
  5782 | D:7      | Killed an unseen horror
  5813 | D:7      | Found a sand-covered staircase.
  5824 | Ossuary  | Entered an ossuary
  5980 | Ossuary  | Reached XP level 10. HP: 50/51 MP: 19/19
  6321 | D:7      | Reached skill level 5 in Fighting
  7504 | D:9      | Noticed a two-headed ogre
  7506 | D:9      | Noticed a wizard
  7535 | D:9      | Killed a two-headed ogre
  7702 | D:9      | Found a staircase to the Orcish Mines.
  7944 | D:9      | Killed a wizard
  7945 | D:9      | Reached XP level 11. HP: 56/56 MP: 21/21
  7956 | D:9      | Noticed a large abomination
  7956 | D:9      | Noticed a large abomination
  8035 | D:10     | Entered Level 10 of the Dungeon
  8035 | D:10     | Found a flagged portal.
  8088 | D:10     | Found a runed translucent door.
  8149 | D:10     | Reached ****** piety under Makhleb
  8460 | D:10     | Noticed a two-headed ogre
  8494 | D:10     | Killed a two-headed ogre
  8565 | D:10     | Noticed a brown ugly thing
  8630 | D:10     | Killed a brown ugly thing
  8905 | D:10     | Noticed a centaur warrior
  8915 | D:10     | Killed a centaur warrior
  8996 | D:10     | Noticed a centaur warrior
  9001 | D:10     | Noticed a centaur warrior
  9002 | D:10     | Noticed a boulder beetle
  9092 | Orc:1    | Entered Level 1 of the Orcish Mines
  9092 | Orc:1    | Noticed an orc sorcerer
  9100 | Orc:1    | Killed an orc sorcerer
  9131 | Orc:1    | Noticed a two-headed ogre
  9237 | Orc:1    | Noticed an orc sorcerer
  9266 | Orc:1    | Killed a two-headed ogre
  9326 | Orc:1    | Killed an orc sorcerer
  9327 | Orc:1    | Reached XP level 12. HP: 63/63 MP: 23/23
  9405 | Orc:2    | Entered Level 2 of the Orcish Mines
  9659 | Orc:2    | Found a staircase to the Elven Halls.
  9666 | Orc:2    | Noticed an orc high priest
  9676 | Orc:2    | Killed an orc high priest
  9777 | Orc:2    | Found Jiockoz's General Store.
  9780 | Orc:2    | Found Tujedod's General Store.
  9829 | Orc:2    | Bought the +2 cloak "Aprinokk" {rElec rPois rC+} for 555
                  | gold pieces
  9905 | Orc:2    | Reached skill level 15 in Invocations
  9955 | Orc:2    | Noticed an orc high priest
  9956 | Orc:2    | Noticed an orc high priest
  9966 | Orc:2    | Killed an orc high priest
  9971 | Orc:2    | Killed an orc high priest
 10008 | Orc:2    | Reached skill level 15 in Dodging
 10097 | Orc:2    | Noticed an orc high priest
 10119 | Orc:2    | Killed an orc high priest
 10124 | Orc:2    | Killed from afar by an orc sorcerer

Illustrated notes

Levels and vault maps discovered:
D:1:      nagdon_arrival_zigzag_paths, layout_basic, serial_aquarium,
          aquarium_bridge_square [aquarium_subvault_wall,
          aquarium_subvault_bridge, aquarium_subvault_window,
          aquarium_subvault_bridge], aquarium_bridge_square
          [aquarium_subvault_bridge, aquarium_subvault_bridge,
          aquarium_subvault_window, aquarium_subvault_window],
          aquarium_window_fake, aquarium_window_fake, aquarium_window_1,
          aquarium_window_1, aquarium_view_2d, aquarium_view_2d,
          serial_bayou_lagoon_a
D:2:      layout_rooms
D:3:      layout_loops_cross, st_stairs_7, kennysheep_generic_room_2
D:4:      layout_basic, chequers_temple_overflow_minitemple,
          minmay_temple_entry_mini_moons, uniq_robin, uniq_duvessa
D:5:      layout_rooms, grunt_ministairs_13, minmay_starry_boxes
D:6:      layout_loops_corners, minmay_unpleasant_kobolds, uniq_grinder,
          uniq_crazy_yiuf_cottage, uniq_menkaure, uniq_blork_the_orc
D:7:      layout_cave_pools, enter_ossuary_3, st_stairs_1, uniq_jeremiah,
          uniq_pikel
D:8:      layout_gridville
D:9:      layout_rooms, erik_orc_1, laboratory
D:10:     hangedman_cross_veins, layout_loops_ring, enter_trove_5,
          enter_bailey_5, serial_ice, serial_ice_k, serial_ice_f, serial_ice_a,
          serial_ice_e, lightli_church_of_beogh
Temple:   hellmonk_temple_divided_pantheon
Orc:1:    layout_diamond_mine
Orc:2:    pf_orc_diabolical, layout_caves

Skill      XL: |  1  2  3  4  5  6  7  8  9 10 11 12 |
---------------+-------------------------------------+-----
Invocations    | 1 2 3 4 5 7 9 11 12 14 15 | 15.8
Dodging        | 5 6 7 8 9 11 12 13 15 | 15.2
Fighting       | 3 4 6 7 8 |  8.5
Short Blades   | |  3.2

Action                     |  1- 3 |  4- 6 |  7- 9 | 10-12 || total
---------------------------+-------+-------+-------+-------++-------
  Melee: Short sword       |    58 |    25 |       |       ||    83
         Dagger            |       |    20 |    64 |   101 ||   185
         Punch             |       |       |     2 |     2 ||     4
 Invoke: Minor Destruction |    70 |   106 |   210 |   647 ||  1033
         Lesser Servant of |       |       |     4 |     5 ||     9
         Greater Servant o |       |       |       |     3 ||     3
  Evoke: Wand              |       |       |     9 |     8 ||    17
    Use: Scroll            |       |       |       |     1 ||     1
         Potion            |       |       |       |     2 ||     2
   Stab: Distracted        |       |       |     3 |       ||     3
 Armour: Robe              |    16 |    17 |    35 |    99 ||   167
  Dodge: Dodged            |    69 |    36 |   154 |   446 ||   705

Table legend: (Time is in decaauts)
 A = Elapsed time spent in this place.
 B = Non-inter-level travel time spent in this place.
 C = Inter-level travel time spent in this place.
 D = Time resting spent in this place.
 E = Time spent auto-exploring this place.
 F = Levels seen in this place.
 G = Mean time per level.
                   A        B        C        D        E       F      G
               +--------+--------+--------+--------+--------+-----+--------+
         Total |   7051 |   6655 |    396 |     81 |   4047 |  14 |  503.6 |
       Dungeon |   6025 |   5648 |    377 |     81 |   3661 |  10 |  602.5 |
        Temple |     23 |     13 |     10 |      0 |      0 |   1 |   23.0 |
  Orcish Mines |    699 |    690 |      9 |      0 |    305 |   2 |  349.5 |
       Ossuary |    303 |    303 |      0 |      0 |     80 |   1 |  303.0 |
               +--------+--------+--------+--------+--------+-----+--------+

Top non-repeatable levels by time:
     D:6: 807 daAuts
     D:4: 728 daAuts
    D:10: 688 daAuts
     D:9: 686 daAuts
     D:1: 633 daAuts
     D:7: 617 daAuts
     D:3: 560 daAuts
   Orc:2: 534 daAuts
     D:5: 480 daAuts
     D:8: 435 daAuts
     D:2: 388 daAuts
 Ossuary: 303 daAuts
   Orc:1: 165 daAuts
  Temple: 23 daAuts
